 Dungeon Crawl Stone Soup version 0.21.1-1-g345015f (webtiles) character file.

349 zishaf the Sneak (level 6, 0/36 HPs)
             Began as a Kobold Assassin on May 6, 2018.
             Was an Initiate of Dithmenos.
             Slain by a leopard gecko (4 damage)
             ... on level 3 of the Dungeon.
             The game lasted 00:18:02 (3610 turns).

zishaf the Sneak (Kobold Assassin)                  Turns: 3610, Time: 00:18:03

Health: 0/36       AC:  5    Str:  8    XL:     6   Next: 92%
Magic:  6/6        EV: 17    Int: 12    God:    Dithmenos [......]
Gold:   148        SH:  0    Dex: 19    Spells: 5/5 levels left

rFire    . . .     SeeInvis .   a - +2 dagger
rCold    . . .     Gourm    .   (shield restricted)
rNeg     . . .     Faith    .   c - +0 robe
rPois    .         Spirit   .   m - +1 helmet
rElec    .         Reflect  .   d - +0 cloak
rCorr    .         Harm     .   (no gloves)
MR       .....                  (no boots)
Stlth    ++++......             (no amulet)
HPRegen  0.12/turn              (no ring)
MPRegen  0.10/turn              (no ring)

@: no status effects
A: small, carnivore
a: Renounce Religion


You were on level 3 of the Dungeon.
You worshipped Dithmenos.
Dithmenos was noncommittal.
You were completely stuffed.

You visited 2 branches of the dungeon, and saw 5 of its levels.

You collected 148 gold pieces.

Inventory:

Hand Weapons
 a - a +2 dagger (weapon)
 b - a +0 blowgun
Missiles
 e - 20 poisoned needles
 f - 2 curare-tipped needles
Armour
 c - a +0 robe (worn)
 d - a +0 cloak (worn)
 j - a +0 animal skin
 m - a +1 helmet (worn)
Jewellery
 p - an uncursed ring of wizardry {unknown}
 q - an uncursed ring of wizardry {unknown}
Scrolls
 k - 4 scrolls of identify
 n - 3 scrolls of remove curse
Potions
 h - a potion of curing
Books
 l - a book of Necromancy

   Spells                             Type                      Level
   a - Pain                           Necromancy                   1
   b - Animate Skeleton               Necromancy                   1
   c - Vampiric Draining              Necromancy                   3
   d - Regeneration                   Charms/Necromancy            3
   e - Animate Dead                   Necromancy                   4
   f - Borgnjor's Vile Clutch         Necromancy/Earth             5
Comestibles
 g - 6 rations
 i - a chunk of flesh


   Skills:
 - Level 2.5 Fighting
 + Level 5.8 Short Blades
 - Level 2.1 Throwing
 + Level 3.8 Dodging
 * Level 7.7 Stealth


You had 5 spell levels left.
You didn't know any spells.

Dungeon Overview and Level Annotations

Branches:
Dungeon (4/15)             Temple (1/1) D:4

Altars:
Dithmenos
Gozag
Hepliaklqana
Okawaru
Qazlal
Sif Muna
Xom
Yredelemnul
Zin

Shops:
D:4 %=:

Annotations:
D:4 bande's ghost, amateur GrFi


Innate Abilities, Weirdness & Mutations

You are small and have problems with some larger weapons.
You are carnivorous and can eat meat at any time.


Message History

The leopard gecko bites you.
* * * LOW HITPOINT WARNING * * *
The leopard gecko misses you. The leopard gecko barely misses you.
The leopard gecko completely misses you.
The leopard gecko bites you.
* * * LOW HITPOINT WARNING * * *
The leopard gecko barely misses you.
There is a stone staircase leading up here.
The leopard gecko bites you but does no damage.
You climb upwards.
There is a stone staircase leading down here.
You hit the leopard gecko.
The leopard gecko is severely wounded.
The leopard gecko bites you.
* * * LOW HITPOINT WARNING * * *
You closely miss the leopard gecko.
The leopard gecko is severely wounded.
The leopard gecko bites you.
You die...

##...## #.#.####.##.# ####..##
#........##.# ......#
##...######.# # #####.# ##.....##
#.### # ##.#.# ##.......## #.#.##
#
##....###.........###....########
#.................'..............
#._..............l####...########
#........#......@## #......#
.#.......##.....## #..###.#
##.......###...## #..###.#####
.#.......# ##'## #....#.##...
#........# #.# #.##.#.##.##
##.......# #.# #.##.#.##.##
#.####### ##.## #......##.#.
#.#########...## ####.####.#.
#........#.....# #.# #.#.


You could see a leopard gecko.

Vanquished Creatures
  The ghost of wotkd0121004 the Sneak, an amateur OpFE (D:3)
  A centaur skeleton (D:4)
  Terence (D:2)
  A worker ant (D:4)
  Robin (D:2)
  6 adders
  2 oozes
  3 dart slugs
  2 leopard geckos
  6 orcs (D:3)
  2 ball pythons (D:3)
  7 bats
  6 giant cockroaches
  11 goblins
  10 hobgoblins
  2 jackals (D:3)
  8 frilled lizards
  A kobold (D:1)
  12 rats
83 creatures vanquished.

Notes
Turn   | Place    | Note
-------+----------+-------------------------------------------
     0 | D:1      | zishaf the Kobold Assassin began the quest for the Orb.
     0 | D:1      | Reached XP level 1. HP: 12/12 MP: 1/1
   164 | D:1      | Found a shimmering altar of Xom.
   220 | D:1      | Reached XP level 2. HP: 18/18 MP: 2/2
   625 | D:1      | Reached XP level 3. HP: 14/22 MP: 3/3
  1394 | D:2      | Noticed Terence
  1397 | D:2      | Killed Terence
  1397 | D:2      | Reached XP level 4. HP: 27/27 MP: 4/4
  1464 | D:2      | Reached skill level 6 in Stealth
  1631 | D:2      | Found an iron altar of Okawaru.
  1879 | D:2      | Noticed Robin
  1948 | D:2      | Killed Robin
  1948 | D:2      | Reached XP level 5. HP: 22/31 MP: 5/5
  2039 | D:2      | Found an opulent altar of Gozag.
  2367 | D:3      | Found a stormy altar of Qazlal.
  2405 | D:3      | Found a faded altar of an unknown god.
  2439 | D:3      | Reached skill level 5 in Short Blades
  2702 | D:3      | Noticed wotkd0121004's ghost (amateur OpFE)
  2713 | D:3      | HP: 1/31 [wotkd0121004's ghost (5)]
  2718 | D:3      | Killed wotkd0121004's ghost
  2718 | D:3      | Reached skill level 7 in Stealth
  2718 | D:3      | Reached XP level 6. HP: 14/36 MP: 6/6
  2941 | D:3      | Found a deep blue altar of Sif Muna.
  2973 | D:3      | Became a worshipper of Sif Muna the Loreminder
  3285 | D:3      | Found a hazy altar of Hepliaklqana.
  3343 | D:4      | Found a staircase to the Ecumenical Temple.
  3346 | D:4      | Found Zuitior's Book Shoppe.
  3350 | Temple   | Entered the Ecumenical Temple
  3357 | D:4      | Found Duedeo's Jewellery Shop.
  3381 | D:4      | Found Pedenuss's Food Shop.
  3470 | Temple   | Fell from the grace of Sif Muna
  3470 | Temple   | Became a worshipper of Dithmenos the Shadowed
  3564 | D:4      | Noticed bande's ghost (amateur GrFi)
  3566 | D:4      | Noticed an ogre
  3610 | D:3      | Slain by a leopard gecko

Skill      XL: |  1  2  3  4  5 |
---------------+----------------+-----
Short Blades   | 3 4 5 |  5.8
Dodging        | 2 3 |  3.8
Stealth        | 6 7 |  7.7
Fighting       | |  2.5
Throwing       | |  2.1

Action                   |  1- 3 |  4- 6 || total
-------------------------+-------+-------++-------
Melee: Dagger            |    65 |   252 ||   317
 Fire: Blowgun           |       |     7 ||     7
  Use: Scroll            |       |     5 ||     5
       Potion            |       |     3 ||     3
 Stab: Sleeping          |    11 |    11 ||    22
       Distracted        |       |     1 ||     1
  Eat: Chunk             |     9 |     8 ||    17
Armor: Robe              |     7 |    38 ||    45
Dodge: Dodged            |    26 |   133 ||   159
